 Dungeon Crawl Stone Soup version 0.26-a0-649-gf8c6c3aab7 (webtiles) character file.

Game seed: 9220546380835047439

16 flotson the Fighter (level 2, 0/33 HPs)
             Began as a Gnoll Wanderer on Sept 26, 2020.
             Slain by Terence
             ... wielding a +2 mace of protection
              (9 damage)
             ... on level 1 of the Dungeon.
             The game lasted 00:00:51 (1012 turns).

flotson the Fighter (Gnoll Wanderer)                Turns: 1012, Time: 00:00:52

Health: 0/33       AC:  5    Str: 12    XL:     2   Next: 54%
Magic:  5/5        EV: 10    Int: 13    God:
Gold:   50         SH:  0    Dex: 17    Spells: 5/6 levels left

rFire    . . .     SeeInvis .   a - +2 falchion
rCold    . . .     Faith    .   (no shield)
rNeg     . . .     Spirit   .   e - +0 ring mail
rPois    .         Reflect  .   (no helmet)
rElec    .         Harm     .   (no cloak)
rCorr    .         Rampage  .   (no gloves)
MR       .....                  (no boots)
Stlth    ++........             (no amulet)
HPRegen  0.11/turn              (no ring)
MPRegen  0.09/turn              (no ring)

@: no status effects
A: distributed training, fangs 1, strong nose
a: no special abilities


You were on level 1 of the Dungeon.
You visited 1 branch of the dungeon, and saw 2 of its levels.

You collected 50 gold pieces.

Inventory:

Hand Weapons
 a - a +2 falchion (weapon)
Armour
 e - a +0 ring mail (worn)
Scrolls
 b - a scroll of identify {unknown}
 d - a scroll of fog {unknown}
 f - a scroll of remove curse {unknown}
 g - a scroll of random uselessness {unknown}
 h - a scroll of noise {unknown}
Potions
 c - 2 potions of haste {unknown}


   Skills:
 + Level 8.5 Fighting
 + Level 0.4 Short Blades
 + Level 2.5 Long Blades
 + Level 0.4 Axes
 + Level 0.4 Maces & Flails
 + Level 0.4 Polearms
 + Level 0.4 Staves
 + Level 0.4 Slings
 + Level 0.4 Bows
 + Level 0.4 Crossbows
 + Level 0.4 Throwing
 + Level 0.4 Armour
 + Level 0.4 Dodging
 + Level 2.2 Stealth
 + Level 0.4 Shields
 + Level 0.4 Unarmed Combat
 + Level 2.7 Spellcasting
 + Level 0.2 Conjurations
 + Level 0.2 Hexes
 + Level 0.2 Summonings
 + Level 2.0 Necromancy
 + Level 0.2 Translocations
 + Level 2.0 Transmutations
 + Level 0.2 Fire Magic
 + Level 0.2 Ice Magic
 + Level 0.2 Air Magic
 + Level 0.2 Earth Magic
 + Level 0.2 Poison Magic
 + Level 0.5 Invocations
 + Level 2.5 Evocations


You had 5 spell levels left.
You knew the following spells:

 Your Spells              Type           Power        Failure   Level
a - Pain                  Necr           #...         24%         1

Your spell library contained the following spells:

 Spells                   Type           Power        Failure   Level
 Wereblood                Tmut           #.......     34%         2
 Passwall                 Tmut/Erth      #.......     45%         2
 Vampiric Draining        Necr           #.........   56%         3


Dungeon Overview and Level Annotations

Branches:
Dungeon (2/15)

Altars:
Xom

Annotations:
D:1 Terence
D:2 Robin


Innate Abilities, Weirdness & Mutations

Your experience applies equally to all skills.
You have very sharp teeth.
Your uncanny sense of smell can sniff out nearby items.


Message History

Terence hits you with a +2 mace of protection!
You are too injured to fight recklessly!
You closely miss Terence.
Terence is heavily wounded.
Terence hits you but does no damage.
You completely miss Terence.
Terence is heavily wounded.
Terence hits you with a +2 mace of protection.
* * * LOW HITPOINT WARNING * * *
You hit Terence but do no damage. You bite Terence, but do no damage.
Terence is heavily wounded.
Terence barely misses you.
You hit Terence but do no damage.
Terence is heavily wounded.
Terence barely misses you.
You riposte.
You hit Terence but do no damage.
Terence is heavily wounded.
You hit Terence but do no damage.
Terence is heavily wounded.
Terence hits you with a +2 mace of protection!
You die...

###.....#......#.................
........##...#...................
........##...#...###...#####...#.
#.......++...+...#####.#.........
##......##...#..>................
#..#.#........##.................
...#...........#.......#.........
...#.#.........#@####'##.........
...#.#.........#@####.##........[
.....#........##......###'#......
.......################ #.######.
#...##.# #.######. ##..##.#
#........ #...##.###############
######### ....##...............#
....################.# ##### #.#


You could see Terence.

Vanquished Creatures
  An ooze (D:1)
  4 goblins
  A hobgoblin (D:1)
  2 jackals (D:1)
  A kobold (D:1)
  A rat (D:1)
10 creatures vanquished.

Notes
Turn   | Place    | Note
-------+----------+-------------------------------------------
     0 | D:1      | flotson the Gnoll Wanderer began the quest for the Orb.
     0 | D:1      | flotson set off with the following items: a +2 falchion, a
                  | +0 robe; and the following spell memorised: Pain; and the
                  | following spells available to memorise: Wereblood,
                  | Passwall, Vampiric Draining
     0 | D:1      | Reached XP level 1. HP: 26/26 MP: 4/4
   427 | D:1      | Reached XP level 2. HP: 30/33 MP: 5/5
   983 | D:2      | Found a shimmering altar of Xom.
   983 | D:2      | Noticed Terence
   983 | D:2      | Noticed Robin
  1012 | D:1      | Slain by Terence

Illustrated notes

Levels and vault maps discovered:
D:1:      minmay_arrival_five_plusses, layout_basic, nrook_uturn
D:2:      layout_basic, xom_teletrap_fun, uniq_crazy_yiuf_cottage, uniq_terence,
          uniq_robin

Skill      XL: |  1 |
---------------+----+-----
Necromancy     | 2 |  2.0
Transmutations | 2 |  2.0
Fighting       | |  8.5
Short Blades   | |  0.4
Long Blades    | |  2.5
Axes           | |  0.4
Maces & Flails | |  0.4
Polearms       | |  0.4
Staves         | |  0.4
Slings         | |  0.4
Bows           | |  0.4
Crossbows      | |  0.4
Throwing       | |  0.4
Armour         | |  0.4
Dodging        | |  0.4
Stealth        | |  2.2
Shields        | |  0.4
Unarmed Combat | |  0.4
Spellcasting   | |  2.7
Conjurations   | |  0.2
Hexes          | |  0.2
Summonings     | |  0.2
Translocations | |  0.2
Fire Magic     | |  0.2
Ice Magic      | |  0.2
Air Magic      | |  0.2
Earth Magic    | |  0.2
Poison Magic   | |  0.2
Invocations    | |  0.5
Evocations     | |  2.5

Action                   || total
-------------------------++-------
Melee: Falchion          ||    40
       Bite              ||     2
 Stab: Sleeping          ||     2
Armor: Ring mail         ||     6
       Robe              ||     1
Dodge: Dodged            ||    17
       Rpst.: Falchion   ||     6

Table legend: (Time is in decaauts)
 A = Elapsed time spent in this place.
 B = Non-inter-level travel time spent in this place.
 C = Inter-level travel time spent in this place.
 D = Time resting spent in this place.
 E = Time spent auto-exploring this place.
 F = Levels seen in this place.
 G = Mean time per level.
                   A        B        C        D        E       F      G
               +--------+--------+--------+--------+--------+-----+--------+
         Total |   1019 |    999 |     20 |      0 |    894 |   2 |  509.5 |
       Dungeon |   1019 |    999 |     20 |      0 |    894 |   2 |  509.5 |
               +--------+--------+--------+--------+--------+-----+--------+

Top non-repeatable levels by time:
     D:1: 1017 daAuts
     D:2: 1 daAuts
